 Dungeon Crawl Stone Soup version 0.20.0-1-g1cb1d84 (webtiles) character file.

232213 Gorglomux the Warrior (level 19, -2/183 HPs)
             Began as a Hill Orc Berserker on May 26, 2017.
             Was a High Priest of Trog.
             Slain by a merfolk impaler
             ... wielding a +1 trident of venom
              (10 damage)
             ... on level 4 of the Shoals on May 27, 2017.
             The game lasted 00:52:25 (33896 turns).

Gorglomux the Warrior (Hill Orc Berserker)         Turns: 33896, Time: 00:52:25

Health: -2/183     AC: 22    Str: 23    XL:     19   Next: 7%
Magic:  21/22      EV: 11    Int:  7    God:    Trog [*****.]
Gold:   3101       SH: 26    Dex: 12    Spells: 18/18 levels left

rFire    + . .     SeeInvis .   G - +6 broad axe (vamp) {god gift}
rCold    + + .     Gourm    .   m - +8 large shield
rNeg     . . .     Faith    .   S - +0 plate armour
rPois    +         Spirit   .   (no helmet)
rElec    .         Reflect  .   U - scarf {rC+ rF+}
rCorr    .         Harm     .   V - +2 pair of gloves
MR       +++++                  (no boots)
Stlth    ..........             (no amulet)
Regen    1.4/turn               l - ring of flight
MPRegen  0.2/turn               W - ring "Kiqi" {*Drain rPois rC+ MR+++ Dex-3}

@: lethally poisoned (-2 -> -9), berserk cooldown, flying, very slightly
contaminated, regenerating, slowed, invisible, very slow
A: no striking features
}: 2/15 runes: serpentine, barnacled
a: Berserk, Trog's Hand, Brothers in Arms, Burn Spellbooks, Renounce Religion,
Stop Flying


You were on level 4 of the Shoals.
You worshipped Trog.
Trog was extremely pleased with you.
You were very hungry.

You visited 5 branches of the dungeon, and saw 31 of its levels.

You collected 3406 gold pieces.
You spent 305 gold pieces at shops.

Inventory:

Hand Weapons
 C - a +3 executioner's axe of freezing {god gift}
 G - a +6 vampiric broad axe (weapon) {god gift}
Missiles
 Z - 7 throwing nets (quivered)
Armour
 m - a +8 large shield (worn)
 w - a +2 cloak
 S - a +0 plate armour (worn)
 U - a scarf of resistance (worn)
 V - a +2 pair of gloves (worn)
Jewellery
 g - an uncursed ring of resist corrosion
 l - a ring of flight (left hand)
 J - the ring of Ypaopp {MR+ Stlth+}
   (You found it on level 10 of the Dungeon)

   [ring of stealth]

   It affects your resistance to hostile enchantments.
   It makes you more stealthy.
 W - the ring "Kiqi" (right hand) {*Drain rPois rC+ MR+++ Dex-3}
   (You found it on level 5 of the Lair of Beasts)

   [ring of protection from cold]

   It affects your dexterity (-3).
   It protects you from cold.
   It protects you from poison.
   It affects your resistance to hostile enchantments.
   It causes draining when unequipped.
Wands
 A - a wand of acid (1/15)
 E - a wand of enslavement (8/24)
 I - a wand of iceblast (5/15)
 L - a wand of acid (5/15)
 P - a wand of paralysis (7/24)
Scrolls
 e - 16 scrolls of remove curse
 k - 7 scrolls of recharging
 y - 2 scrolls of fear
 B - a scroll of blinking
 M - 3 scrolls of fog
 R - 3 scrolls of identify
 T - 5 scrolls of teleportation
 X - 2 scrolls of enchant armour
Potions
 n - 2 potions of ambrosia
 o - a potion of resistance
 p - 7 potions of heal wounds
 q - 4 potions of flight
 s - 2 potions of haste
 u - a potion of lignification
 v - a potion of might
 D - 2 potions of agility
 F - 4 potions of cancellation
 H - 2 potions of magic
 O - a potion of berserk rage
 Q - 8 potions of curing
Miscellaneous
 Y - a lamp of fire
Comestibles
 c - 19 bread rations
 t - 3 royal jellies
 N - 18 fruits


   Skills:
 + Level 19.5 Fighting
 - Level 16.1 Axes
 + Level 18.1 Armour
 + Level 14.5 Dodging
 + Level 10.0 Shields
 + Level 5.1 Evocations


You had 18 spell levels left.
You didn't know any spells.

Dungeon Overview and Level Annotations

Branches:
Dungeon (15/15)            Temple (0/1) D:6            Lair (6/6) D:11
 Shoals (4/4) Lair:3        Snake (4/4) Lair:4        Slime (0/5) Lair:5
    Orc (2/2) D:10            Elf (0/3) Orc:2        Vaults (0/5) D:13
 Depths (0/5) D:15

Altars:
Dithmenos
Makhleb
Okawaru
Qazlal
Ru
Sif Muna
Uskayaw
Beogh
Jiyva

Shops:
D:5 ?   Orc:2 (*=[   Shoals:1 (   Shoals:2 :


Message History

The merfolk impaler hits you but does no damage.
You are more poisoned.
You block the merfolk's attack.
The merfolk avatar chants a haunting song.
You resist with almost no effort. You block the merfolk impaler's attack.
The merfolk impaler hits you but does no damage.
You are more poisoned.
You are very lightly contaminated with residual magic.
You feel very buoyant.
You fly up into the air.
You feel somewhat more hungry.
You feel very sick.
Your ogre misses the merfolk. You block the merfolk impaler's attack.
The merfolk hits you from afar with a spear!
* * * LOW HITPOINT WARNING * * *
The merfolk impaler hits you but does no damage.
You block the merfolk impaler's attack.
Your ogre misses the merfolk.
The merfolk avatar chants a haunting song.
You resist with almost no effort.
The merfolk impaler hits you with a trident of venom!
You die...

##### ≈ ##≈≈≈## ≈≈≈ ≈≈≈≈
#≈≈≈≈≈#≈≈≈≈≈≈ ≈≈≈≈≈≈#?≈.≈≈#≈≈≈≈≈≈
#≈≈≈≈≈≈≈≈≈≈≈≈≈#≈≈≈≈≈#≈m≈≈≈≈≈≈≈≈≈≈
#≈≈≈≈≈≈≈≈≈≈≈≈≈##≈≈)##.≈≈≈≈≈≈≈≈≈≈≈
#≈≈≈≈≈≈≈≈≈≈≈≈≈≈##(##≈≈≈≈≈≈≈≈≈≈.≈≈
#≈≈≈≈≈≈≈≈≈≈≈≈≈≈≈@mmm.≈≈≈≈≈≈≈≈..≈.
#≈≈≈≈≈≈≈≈≈≈≈≈≈≈≈.Om..≈≈≈≈≈≈≈≈≈≈≈.
#≈≈≈≈≈≈≈≈≈≈≈≈≈≈......≈≈≈≈≈≈≈≈≈≈..
#≈≈≈≈≈≈≈≈≈≈≈≈m.....(≈≈≈≈≈≈≈≈≈....
#≈≈≈≈≈≈≈≈≈≈≈))$....≈≈≈≈≈)≈≈≈(....
#≈≈≈≈≈≈(≈≈≈(≈).....≈≈≈≈≈..≈(.....
#≈≈≈≈≈≈≈(≈≈≈≈≈≈≈...≈≈≈≈≈.(.(....m
#≈≈≈≈≈≈≈≈≈≈≈≈≈≈≈≈..≈≈≈≈≈...).(..m
#≈≈≈≈≈≈≈≈≈)≈≈≈≈≈..........(.....m


You could see a merfolk avatar, 2 merfolk impalers, 2 merfolk and a friendly
ogre (berserk).

Vanquished Creatures
  A kraken (Shoals:3)
  Kirke (Lair:4)
  Roxanne (D:14)
  9 nagarajas
  An orc warlord (Orc:2)
  Louise (Snake:3)
  The ghost of Dirian the Carver, a journeyman MiFi of Qazlal (D:13)
  4 merfolk javelineers
  3 merfolk impalers
  Erolcha (D:11)
  2 vault guards (D:13)
  12 naga warriors
  10 hydras
  8 two-headed ogres
  Erica (D:8)
  An alligator snapping turtle (Shoals:3)
  A catoblepas (Lair:6)
  12 anacondas
  An ogre mage (D:15)
  6 centaur warriors
  9 death yaks (Lair:6)
  2 merfolk aquamancers
  A deep troll shaman (Lair:6)
  4 satyrs
  A tengu warrior (D:15)
  10 naga sharpshooters
  7 shock serpents
  An orc high priest (Orc:1)
  2 deep elf knights (D:14)
  4 sea snakes
  An unseen horror (D:14)
  6 naga ritualists
  A wizard (D:13)
  A lindwurm (Lair:6)
  3 necromancers (D:13)
  3 orc knights
  5 ugly things
  A wolf spider zombie (D:13)
  16 harpies
  3 orc sorcerers
  12 mana vipers
  2 deep elf magi (D:14)
  18 fauns
  5 salamanders
  6 cyclopes
  13 manticores
  8 elephants (Lair:6)
  A centaur zombie (D:10)
  3 water nymphs
  Maurice (D:12)
  48 black mambas
  11 merfolk sirens
  7 guardian serpents
  16 naga magi
  Psyche (D:8)
  A gargoyle (D:14)
  7 spiny frogs
  A kobold demonologist (D:14)
  A rime drake (Lair:4)
  7 komodo dragons
  The ghost of Gorglomux the Skirmisher, a novice VSFi of Uskayaw (D:5)
  27 merfolk
  3 wind drakes
  A hornet (D:7)
  8 trolls
  5 polar bears
  21 blink frogs
  5 slime creatures (D:12)
  4 snapping turtles
  9 dream sheep
  13 hippogriffs
  Sigmund (D:6)
  2 centaur simulacra (D:15)
  2 shadows
  A wraith (D:12)
  7 water elementals
  2 vampires
  8 redbacks (Snake:3)
  A hog (Lair:4)
  54 yaks
  A hog (shapeshifter) (D:15)
  2 basilisks
  A hungry ghost (D:7)
  Grum (D:11)
  19 humans (D:13)
  4 vampire mosquitoes (D:15)
  4 wargs
  47 nagas
  2 acid dragons
  21 water moccasins
  11 porcupines
  A black bear (Lair:4)
  2 sky beasts
  2 phantoms
  4 ice beasts
  A necrophage (D:10)
  17 orc warriors
  7 ogres
  19 wolves
  19 centaurs
  12 crocodiles
  Blork the orc (Orc:2)
  14 bullfrogs
  3 big kobolds
  A gnoll sergeant (D:7)
  6 scorpions
  3 killer bees (D:13)
  3 electric eels
  5 wights (D:7)
  6 howler monkeys
  5 crimson imps
  A bullfrog zombie (D:4)
  2 quasits
  5 jellies
  6 hounds
  21 orc priests
  A bullfrog skeleton (D:4)
  6 centaur skeletons
  Terence (D:2)
  4 iguanas
  26 orc wizards
  Natasha (thrice) (D:3)
  6 worker ants
  A hound zombie (D:8)
  A hound skeleton (D:8)
  A howler monkey zombie (D:7)
  8 gnolls
  19 adders
  6 shadow imps
  An adder skeleton (D:9)
  5 worms
  4 dart slugs
  8 leopard geckos
  87 orcs
  8 giant cockroaches
  6 goblins
  5 hobgoblins
  8 jackals
  13 kobolds
  6 quokkas
  3 ball pythons
  A ball python skeleton (D:4)
  7 bats
  4 frilled lizards
  A quokka skeleton (D:4)
  11 rats
  14 fungi
  14 plants
1070 creatures vanquished.

Vanquished Creatures (collateral kills)
  A nagaraja (Snake:4)
  Ilsuiw (Shoals:4)
  A merfolk impaler (Shoals:4)
  2 merfolk javelineers (Shoals:4)
  A naga warrior (Snake:2)
  A merfolk aquamancer (Shoals:4)
  2 anacondas (Snake:2)
  An orc high priest (Orc:2)
  A naga sharpshooter (Snake:2)
  A naga ritualist (Snake:2)
  2 harpies (Shoals:4)
  An orc knight (Orc:2)
  A mana viper (Snake:2)
  5 ugly things (D:14)
  2 orc sorcerers (Orc:2)
  2 merfolk sirens (Shoals:4)
  A black mamba (Snake:2)
  3 nagas
  An ogre (Orc:2)
  6 orc warriors (Orc:2)
  2 centaurs (D:14)
  2 orc priests (Orc:2)
  3 orc wizards
  4 orcs
47 creatures vanquished.

Vanquished Creatures (others)
  A shadow wraith (D:15)
  A guardian serpent (Snake:3)
  2 humans (Lair:4)
  3 adders (Lair:4)
  An orc (D:14)
  31 fungi
  25 plants
  4 tentacles (Shoals:3)
68 creatures vanquished.

Grand Total: 1185 creatures vanquished

Notes
Turn   | Place    | Note
-------+----------+-------------------------------------------
     0 | D:1      | Gorglomux the Hill Orc Berserker began the quest for the Orb.
     0 | D:1      | Reached XP level 1. HP: 19/19 MP: 1/1
   320 | D:1      | Reached XP level 2. HP: 22/27 MP: 2/2
  1009 | D:1      | Reached skill level 4 in Fighting
  1143 | D:2      | Reached XP level 3. HP: 28/33 MP: 3/3
  1372 | D:2      | Reached ** piety under Trog
  1448 | D:2      | Reached XP level 4. HP: 30/41 MP: 4/4
  1585 | D:2      | Noticed Terence
  1604 | D:2      | Killed Terence
  2042 | D:3      | Reached skill level 3 in Armour
  2042 | D:3      | Reached XP level 5. HP: 47/47 MP: 5/5
  2131 | D:3      | Reached skill level 5 in Fighting
  2221 | D:3      | Found a sacrificial altar of Ru.
  2355 | D:3      | Noticed Natasha
  2361 | D:3      | Killed Natasha
  2361 | D:3      | Reached XP level 6. HP: 51/56 MP: 6/6
  2364 | D:3      | Reached *** piety under Trog
  2402 | D:3      | Noticed Natasha
  2409 | D:3      | Killed Natasha
  2416 | D:3      | Noticed Natasha
  2426 | D:3      | Killed Natasha
  2426 | D:3      | Reached skill level 3 in Dodging
  2993 | D:4      | Noticed a phantom
  3010 | D:4      | Reached skill level 6 in Axes
  3014 | D:4      | Killed a phantom
  3014 | D:4      | Reached XP level 7. HP: 43/61 MP: 7/7
  3713 | D:4      | Reached skill level 6 in Fighting
  4035 | D:5      | Entered Level 5 of the Dungeon
  4104 | D:5      | Found an iron altar of Okawaru.
  4387 | D:5      | Reached XP level 8. HP: 61/71 MP: 8/8
  4481 | D:5      | Noticed Gorglomux's ghost (novice VSFi)
  4495 | D:5      | Killed Gorglomux's ghost
  4646 | D:5      | Found Fofo's Magic Scroll Boutique.
  4661 | D:5      | Reached **** piety under Trog
  4662 | D:5      | Reached skill level 7 in Fighting
  4671 | D:5      | Bought a scroll of identify for 20 gold pieces
  4671 | D:5      | Bought a scroll of identify for 20 gold pieces
  4671 | D:5      | Bought a scroll of identify for 20 gold pieces
  4671 | D:5      | Bought a scroll of recharging for 95 gold pieces
  4671 | D:5      | Bought a scroll of blinking for 75 gold pieces
  4671 | D:5      | Bought a scroll of enchant armour for 75 gold pieces
  5073 | D:6      | Noticed a hippogriff
  5080 | D:6      | Killed a hippogriff
  5134 | D:6      | Found a staircase to the Ecumenical Temple.
  5344 | D:6      | Noticed Sigmund
  5355 | D:6      | Killed Sigmund
  5355 | D:6      | Reached skill level 6 in Armour
  5677 | D:6      | Reached XP level 9. HP: 61/80 MP: 9/9
  5829 | D:7      | Noticed a hornet
  5839 | D:7      | Paralysed by a hornet for 2 turns
  5842 | D:7      | Killed a hornet
  5975 | D:7      | Reached skill level 8 in Fighting
  6081 | D:7      | Reached skill level 9 in Axes
  6296 | D:7      | HP: 4/123 [orc warrior/scimitar (14)]
  6743 | D:7      | Reached skill level 9 in Fighting
  6839 | D:7      | Noticed a two-headed ogre
  6851 | D:7      | Killed a two-headed ogre
  6851 | D:7      | Reached skill level 6 in Dodging
  6851 | D:7      | Reached XP level 10. HP: 60/91 MP: 10/10
  7284 | D:8      | Noticed Erica
  7310 | D:8      | Killed Erica
  7405 | D:8      | Noticed Psyche
  7410 | D:8      | Killed Psyche
  7410 | D:8      | Reached skill level 10 in Fighting
  7439 | D:8      | Noticed a two-headed ogre
  7456 | D:8      | Killed a two-headed ogre
  8209 | D:9      | Reached skill level 9 in Armour
  8219 | D:9      | Reached ***** piety under Trog
  8614 | D:10     | Entered Level 10 of the Dungeon
  8614 | D:10     | Noticed a two-headed ogre
  8619 | D:10     | Killed a two-headed ogre
  8619 | D:10     | Reached XP level 11. HP: 101/101 MP: 9/11
  8672 | D:10     | Noticed a cyclops
  8675 | D:10     | Noticed a two-headed ogre
  8683 | D:10     | Killed a cyclops
  8685 | D:10     | Killed a two-headed ogre
  8685 | D:10     | Reached skill level 11 in Fighting
  9025 | D:10     | Found a staircase to the Orcish Mines.
  9129 | D:10     | Reached skill level 12 in Axes
  9271 | D:10     | Received a gift from Trog
  9478 | D:10     | Got a scintillating granite ring
  9480 | D:10     | Identified the ring of Ypaopp {MR+ Stlth+} (You found it on level 10 of the Dungeon)
  9594 | D:11     | Found a staircase to the Lair.
 10171 | D:11     | Found a stormy altar of Qazlal.
 10188 | D:11     | Noticed Grum
 10200 | D:11     | Killed Grum
 10320 | D:11     | Noticed Erolcha
 10330 | D:11     | Killed Erolcha
 10330 | D:11     | Reached XP level 12. HP: 109/111 MP: 12/12
 10537 | D:11     | Reached skill level 12 in Fighting
 10546 | Lair:1   | Entered Level 1 of the Lair of Beasts
 11383 | Lair:2   | Noticed a four-headed hydra
 11390 | Lair:2   | Killed a one-headed hydra
 11759 | Lair:2   | Noticed an eight-headed hydra
 11767 | Lair:2   | Killed a five-headed hydra
 12898 | Lair:3   | Found a staircase to the Shoals.
 12903 | Lair:3   | Reached skill level 9 in Dodging
 13485 | Lair:3   | Reached skill level 13 in Fighting
 13491 | Lair:3   | Reached XP level 13. HP: 118/121 MP: 13/13
 13889 | Lair:4   | Reached skill level 12 in Armour
 13913 | Lair:4   | Reached ****** piety under Trog
 14152 | Lair:4   | Noticed Kirke
 14166 | Lair:4   | Killed Kirke
 14259 | Lair:4   | Received a gift from Trog
 14303 | Lair:4   | Found a staircase to the Snake Pit.
 14991 | Lair:4   | Found a shadowy altar of Dithmenos.
 15342 | Lair:5   | Found a staircase to the Slime Pits.
 15342 | Lair:5   | Found a viscous altar of Jiyva.
 15359 | Lair:5   | Reached skill level 15 in Axes
 16049 | Lair:5   | Got a translucent pewter ring
 16064 | Lair:5   | Identified the ring "Kiqi" {*Drain rPois rC+ MR+++ Dex-3} (You found it on level 5 of the Lair of Beasts)
 16202 | Lair:5   | Reached skill level 14 in Fighting
 16517 | Lair:6   | Entered Level 6 of the Lair of Beasts
 16595 | Lair:6   | Reached XP level 14. HP: 80/131 MP: 14/14
 17413 | Lair:6   | Received a gift from Trog
 18226 | Lair:6   | Reached skill level 15 in Fighting
 19418 | D:12     | Noticed Maurice
 19447 | D:12     | Killed Maurice
 20724 | D:13     | Reached XP level 15. HP: 141/141 MP: 15/15
 20743 | D:13     | Noticed Dirian's ghost (journeyman MiFi)
 20758 | D:13     | Killed Dirian's ghost
 20758 | D:13     | Received a gift from Trog
 20952 | D:13     | Found a gate to the Vaults.
 20968 | D:13     | Received a gift from Trog
 21278 | D:14     | Reached skill level 16 in Fighting
 21387 | D:14     | Found a deep blue altar of Sif Muna.
 21390 | D:14     | Noticed Roxanne
 21416 | D:14     | Killed Roxanne
 21493 | D:14     | Reached skill level 15 in Armour
 22026 | D:15     | Entered Level 15 of the Dungeon
 22042 | D:15     | Reached skill level 12 in Dodging
 22221 | D:15     | Received a gift from Trog
 22385 | D:15     | Found a staircase to the Depths.
 22456 | D:15     | Found a hide-covered altar of Uskayaw.
 22457 | D:15     | Found a hide-covered altar of Uskayaw.
 22457 | D:15     | Found a burning altar of Makhleb.
 22618 | Orc:1    | Entered Level 1 of the Orcish Mines
 22928 | Orc:1    | Reached XP level 16. HP: 154/154 MP: 16/16
 22940 | Orc:1    | Found a roughly hewn altar of Beogh.
 23174 | Orc:2    | Entered Level 2 of the Orcish Mines
 23226 | Orc:2    | Noticed Blork the orc
 23236 | Orc:2    | Killed Blork the orc
 23258 | Orc:2    | Received a gift from Trog
 23258 | Orc:2    | Reached skill level 17 in Fighting
 23271 | Orc:2    | Found a roughly hewn altar of Beogh.
 23313 | Orc:2    | Found Fesejaor's General Store.
 23318 | Orc:2    | Found Omulups's Jewellery Boutique.
 23321 | Orc:2    | Found Atuuw's Antique Armour Boutique.
 23444 | Orc:2    | Found a staircase to the Elven Halls.
 23564 | Orc:2    | Found Ichisoen's Antique Weapon Boutique.
 24036 | Snake:1  | Entered Level 1 of the Snake Pit
 24366 | Snake:1  | Received a gift from Trog
 24925 | Snake:1  | Reached skill level 1 in Shields
 26155 | Snake:2  | Reached skill level 3 in Shields
 26188 | Snake:2  | Noticed a nagaraja
 26200 | Snake:2  | Killed a nagaraja
 26664 | Snake:2  | Noticed a nagaraja
 26680 | Snake:2  | Killed a nagaraja
 26680 | Snake:2  | Reached XP level 17. HP: 95/163 MP: 17/17
 26940 | Snake:2  | Reached skill level 18 in Fighting
 27167 | Snake:3  | Received a gift from Trog
 28302 | Snake:3  | Reached skill level 6 in Shields
 28420 | Snake:4  | Entered Level 4 of the Snake Pit
 28420 | Snake:4  | Noticed Louise
 28450 | Snake:3  | Killed Louise
 28718 | Snake:4  | Received a gift from Trog
 28754 | Snake:4  | Identified a scroll of acquirement
 28755 | Snake:4  | Got an ichor-stained large shield
 28767 | Snake:4  | Identified the +1 large shield of Oblivion {Dex+6} (You acquired it on level 4 of the Snake Pit)
 29800 | Snake:4  | Reached XP level 18. HP: 125/174 MP: 18/18
 29950 | Snake:4  | Received a gift from Trog
 30179 | Snake:4  | Got a serpentine rune of Zot
 30733 | Shoals:1 | Entered Level 1 of the Shoals
 30913 | Shoals:1 | Found Neaf's Weapon Emporium.
 31003 | Shoals:1 | Reached skill level 19 in Fighting
 31085 | Shoals:1 | Reached skill level 1 in Evocations
 31576 | Shoals:2 | Found Hunil Detis's Book Boutique.
 31696 | Shoals:2 | Reached skill level 9 in Shields
 31699 | Shoals:2 | Reached skill level 3 in Evocations
 32400 | Shoals:3 | Received a gift from Trog
 32850 | Shoals:3 | Reached skill level 18 in Armour
 33187 | Shoals:4 | Entered Level 4 of the Shoals
 33572 | Shoals:4 | Noticed Ilsuiw
 33605 | Shoals:4 | Killed Ilsuiw
 33613 | Shoals:4 | Reached XP level 19. HP: 183/183 MP: 22/22
 33853 | Shoals:4 | Got a barnacled rune of Zot
 33896 | Shoals:4 | HP: 8/183 [merfolk/spear (9)]
 33896 | Shoals:4 | Slain by a merfolk impaler

Skill      XL: |  1  2  3  4  5  6  7  8  9 10 11 12 13 14 15 16 17 18 19 |
---------------+----------------------------------------------------------+-----
Dodging        | 2 3 4 6 7 8 9 10 11 12 13 14 | 14.5
Fighting       | 4 5 6 7 9 10 11 13 14 15 16 17 18 19 | 19.5
Armour         | 3 4 5 6 8 9 10 11 12 14 15 16 17 18 | 18.1
Axes           | 5 6 7 8 10 11 12 14 15 16 | 16.1
Shields        | 4 7 9 10 | 10.0
Evocations     | 5 |  5.1

Action                   |  1- 3 |  4- 6 |  7- 9 | 10-12 | 13-15 | 16-18 | 19-21 || total
-------------------------+-------+-------+-------+-------+-------+-------+-------++-------
Melee: Hand axe          |   102 |   215 |    53 |       |       |       |       ||   370
       War axe           |       |       |   238 |       |       |       |       ||   238
       Battleaxe         |       |       |    21 |   459 |   504 |       |       ||   984
       Broad axe         |       |       |       |       |   563 |  1684 |    89 ||  2336
Invok: Berserk           |       |     3 |     9 |    10 |    16 |    25 |     2 ||    65
       Trog's Hand       |       |     1 |     1 |     4 |    16 |    18 |     4 ||    44
       Burn Spellbooks   |       |       |       |     1 |     3 |     1 |       ||     5
       Brothers in Arms  |       |       |       |       |     1 |     5 |     2 ||     8
 Abil: Evoke Flight      |       |       |       |       |       |    19 |     3 ||    22
Evoke: Wand              |       |       |       |       |     1 |     1 |       ||     2
       Lamp of fire      |       |       |       |       |     1 |       |       ||     1
  Use: Scroll            |       |       |    11 |     6 |    13 |    18 |     4 ||    52
       Potion            |       |       |       |       |     3 |       |     2 ||     5
 Stab: Sleeping          |       |       |       |     1 |       |       |       ||     1
       Distracted        |       |       |       |       |       |       |     1 ||     1
  Eat: Chunk             |     2 |     7 |    24 |    31 |    40 |    28 |       ||   132
       Royal jelly       |       |       |       |     1 |       |       |     1 ||     2
       Meat ration       |       |       |       |       |     3 |     8 |       ||    11
       Fruit             |       |       |       |       |       |     3 |       ||     3
       Bread ration      |       |       |       |       |       |     1 |       ||     1
Armor: Animal skin       |     8 |       |       |       |       |       |       ||     8
       Scale mail        |    26 |   103 |   123 |   178 |   283 |       |       ||   713
       Plate armour      |       |       |       |       |   417 |   702 |    52 ||  1171
Dodge: Dodged            |    57 |   110 |   200 |   342 |   641 |   536 |    35 ||  1921
Block: Shield            |       |       |       |       |   196 |   301 |       ||   497
       Large shield      |       |       |       |       |       |  1281 |   223 ||  1504
